 Dungeon Crawl Stone Soup version 0.32-a0-422-g28b100f618 (webtiles) character file.

Game seed: 946441661638217999

14917 adelrune the Basher (level 11, -1/85 HPs)
             Began as an Armataur Fighter on Feb 21, 2024.
             Was a Priest of Hepliaklqana.
             Slain by a skyshark (5 damage)
             ... on level 2 of the Lair of Beasts.
             The game lasted 00:35:00 (12399 turns).

adelrune the Basher (Armataur Fighter)             Turns: 12399, Time: 00:35:00

Health: -1/85      AC: 14    Str: 26    XL:     11   Next: 95%
Magic:  20/20      EV:  8    Int: 12    God:    Hepliaklqana [***...]
Gold:   1349       SH: 10    Dex:  9    Spells: 10/10 levels left

rFire   + . .        B - +9 flail of Okawaru {spect, ^Contam Will+ MP+9 Int+3}
rCold   + + .        I - +0 kite shield
rNeg    . . .        v - +2 ring mail of Words of Power {rF+ rC+}
rPois   +            i - +1 helmet
rElec   .            (no cloak)
rCorr   .            l - +0 pair of gloves
SInv    .            (no barding)
Will    +....        (no amulet) Stlth
                     b - ring of protection from cold
HPRegen 0.34/turn    C - ring of poison resistance
MPRegen 0.17/turn

%: roll
@: lethally poisoned (-1 -> -21)
A: reduced essence, large, deformed body, tough skin 3, armoured tail, roll 2
a: Renounce Religion, Recall Ancestor, Ancestor Identity, Transference


You were on level 2 of the Lair of Beasts.
You worshipped Hepliaklqana.
Hepliaklqana was most pleased with you.
You visited 3 branches of the dungeon, and saw 13 of its levels.
You also visited: Sewer and Bailey.

You collected 1349 gold pieces.

Inventory:

Hand Weapons
 z - a +1 heavy morningstar
 B - the +9 flail of Okawaru (weapon) {spect, ^Contam Will+ MP+9 Int+3}
   (You found it on level 7 of the Dungeon)

   Int+3:     It affects your intelligence (+3).
   Will+:     It increases your willpower.
   MP+9:      It affects your magic capacity (+9).
   ^Contam:   It causes magical contamination when unequipped.
Missiles
 m - 24 boomerangs (quivered)
Armour
 c - a +0 buckler
 i - a +1 helmet (worn)
 l - a +0 pair of gloves (worn)
 v - the +2 ring mail of Words of Power (worn) {rF+ rC+}
   (You found it on level 3 of the Dungeon)

   rF+:       It protects you from fire.
   rC+:       It protects you from cold.
 I - a +0 kite shield (worn)
Jewellery
 b - a ring of protection from cold (left hand)
 y - a +6 ring of dexterity
 C - a ring of poison resistance (right hand)
Wands
 j - a wand of acid (9)
 G - a wand of paralysis (8)
 J - a wand of roots (6)
Scrolls
 a - a scroll of enchant weapon
 f - 4 scrolls of teleportation
 h - a scroll of identify
 k - 3 scrolls of amnesia
 n - a scroll of fear
 q - 2 scrolls of poison
 F - a scroll of revelation
Potions
 d - 2 potions of might
 e - 2 potions of cancellation
 g - 8 potions of curing
 o - 7 potions of mutation
 p - 4 potions of brilliance
 t - 4 potions of enlightenment
 u - 2 potions of heal wounds
 x - 2 potions of ambrosia
 E - 2 potions of lignification


   Skills:
 + Level 8.5 Fighting
 * Level 11.6 Maces & Flails
 + Level 11.1 Armour
 + Level 10.2 Shields


You had 10 spell levels left.
You didn't know any spells.
Your spell library contained the following spells:

 Spells                   Type           Power      Damage    Failure   Level
 Cigotuvi's Dreadful Rot  Necr/Alch/Air  0%         N/A       75%         2
 Ensorcelled Hibernation  Hex/Ice        0%         N/A       75%         2
 Dazzling Flash           Conj/Hex       0%         N/A       92%         3
 Frozen Ramparts          Ice            0%         1d1       92%         3
 Mephitic Cloud           Conj/Alch/Air  0%         N/A       92%         3
 Passwall                 Erth           0%         N/A       92%         3
 Swiftness                Air            0%         N/A       92%         3
 Dispel Undead            Necr           0%         3d6       100%        4
 Leda's Liquefaction      Alch/Erth      0%         N/A       100%        4
 Martyr's Knell           Necr/Summ      0%         N/A       100%        4
 Passage of Golubria      Tloc           0%         N/A       100%        4
 Petrify                  Alch/Erth      0%         N/A       100%        4
 Vhi's Electric Charge    Tloc/Air       0%         N/A       100%        4
 Arcjolt                  Conj/Air       0%         1d10      100%        5
 Curse of Agony           Necr           0%         N/A       100%        5
 Metabolic Englaciation   Hex/Ice        0%         N/A       100%        5
 Silence                  Hex/Air        0%         N/A       100%        5
 Death Channel            Necr           0%         N/A       100%        6
 Lehudib's Crystal Spear  Conj/Erth      0%         10d2      100%        8
 Maxwell's Capacitive Co  Air            0%         ∞         100%        8


Dungeon Overview and Level Annotations

Branches:
Dungeon (10/15)            Temple (1/1) D:7            Lair (2/5) D:9
  Sewer (visited)          Bailey (visited)
  Swamp: Lair:2-3    Shoals: Lair:2-3     Snake: Lair:2-3    Spider: Lair:2-3
    Orc: D:9-12

Altars:
Ashenzari
Cheibriados
Dithmenos
Elyvilon
Fedhas
Gozag
Hepliaklqana
Kikubaaqudgha
Makhleb
Nemelex Xobeh
Okawaru
Qazlal
Ru
Sif Muna
Trog
Uskayaw
Vehumet
Wu Jian
Xom
Yredelemnul
Zin
The Shining One

Annotations:
D:3 3 runed translucent doors, pazhot's ghost, amateur MDFi
D:6 Jeremiah
D:10 2 transporters, jamsaran's ghost, novice DgFE


Innate Abilities, Weirdness & Mutations

Your life essence is reduced to manifest your ancestor. (-10% HP)
Armour fits poorly on your strangely shaped body.
You have extremely tough skin. (AC +3)
You have a long armoured tail.
You regenerate magic and health when rolling toward enemies. (Rampage Regen)


Message History

Fusoax hits the skyshark with a +0 dagger of draining!
The cane toad stings your +9 flail of Okawaru {spect, ^Contam Will+ MP+9 Int+3}!!
Your spectral weapon shares its damage with you!
Your +9 flail of Okawaru {spect, ^Contam Will+ MP+9 Int+3} disappears.
Fusoax hits the skyshark but does no damage.
You block the skyshark's attack. The skyshark tail-slaps you.
The skyshark tail-slaps you but does no damage.
You closely miss the skyshark.
You tail-slap the skyshark, but do no damage.
The skyshark is severely wounded.
Your +9 flail of Okawaru {spect, ^Contam Will+ MP+9 Int+3} hits the skyshark but does no damage.
Fusoax hits the skyshark with a +0 dagger of draining!
The skyshark bites you!
* * * LOW HITPOINT WARNING * * *
The skyshark tail-slaps you.
* * * LOW HITPOINT WARNING * * *
You block the skyshark's attack.
Fusoax hits the skyshark but does no damage.
The yak gores you!
* * * LOW HITPOINT WARNING * * *
You hit the skyshark. You tail-slap the skyshark.
The skyshark is severely wounded.
Your +9 flail of Okawaru {spect, ^Contam Will+ MP+9 Int+3} closely misses the skyshark.
The skyshark bites you but does no damage.
You block the skyshark's attack. x2
Fusoax hits the skyshark but does no damage.
Fusoax closely misses the skyshark.
You hit the skyshark but do no damage. You tail-slap the skyshark.
The skyshark is severely wounded.
Your +9 flail of Okawaru {spect, ^Contam Will+ MP+9 Int+3} hits the skyshark.
The skyshark barely misses you.
The skyshark tail-slaps you but does no damage. x2
The cane toad stings you!
* * * LOW HITPOINT WARNING * * *
You are lethally poisoned!
The cane toad poisons you!
Fusoax closely misses the skyshark.
The yak barely misses your +9 flail of Okawaru {spect, ^Contam Will+ MP+9 Int+3}.
The skyshark bites you.
You die...
Hepliaklqana delivers you to your ancestors.

### . ## ####.# ## ##..
##.##PP#.########.##....
.....P..................
#...............(Y......
#...............@FYY....
#................FR.....
#......####..###?####...
#....### #### ### .
#....## #.....# P....P#
.....## .....#


You could see the friendly Fusoax the hexer, a skyshark (berserk, drained), 3
yaks, a cane toad and a friendly +9 flail of Okawaru {spect, ^Contam Will+ MP+9
Int+3}.

Vanquished Creatures
  The ghost of AlmostDecent the Markself, a novice DEHu of Hepliaklqana (D:7)
  Maurice (D:9)
  An elephant (D:9)
  Joseph (D:8)
  2 black mambas (Lair:1)
  3 cane toads
  2 unseen horror skeletons (D:7)
  2 komodo dragons (Lair:1)
  A troll (D:10)
  3 polar bears
  A hornet (D:9)
  3 blink frogs (Lair:1)
  A wraith (D:10)
  10 yaks
  A shadow (D:9)
  2 basilisks
  A wyvern (D:9)
  4 steam dragons
  An acid dragon (D:8)
  7 water moccasins
  An ice beast (D:7)
  8 orc warriors
  A black bear (D:9)
  3 centaurs
  A phantom (D:6)
  2 gnoll sergeants
  6 kobold brigands (Bailey)
  6 bullfrogs
  A brain worm (Sewer)
  2 scorpions (D:6)
  4 wights (D:7)
  10 killer bees
  A howler monkey (D:10)
  A bombardier beetle (D:5)
  A hound (D:5)
  3 orc priests
  A sleepcap (D:6)
  2 gnoll boudas
  5 iguanas
  10 orc wizards
  A spectral howler monkey (D:7)
  A howler monkey zombie (D:7)
  A howler monkey skeleton (D:7)
  16 gnolls
  4 adders
  3 river rats (Sewer)
  3 white imps
  2 ufetubi (D:7)
  3 dart slugs
  2 ribbon worms
  25 orcs
  7 ball pythons
  13 bats
  3 endoplasms
  7 giant cockroaches
  11 goblins
  8 hobgoblins
  5 jackals
  11 quokkas
  5 frilled lizards
  17 kobolds
  4 rats
269 creatures vanquished.

Vanquished Creatures (collateral kills)
  A black mamba (Lair:1)
  A komodo dragon (Lair:1)
  A wraith (D:10)
  2 water moccasins (Lair:1)
  An orc warrior (D:9)
  A black bear (Lair:1)
  2 centaurs
  A kobold brigand (D:9)
  A howler monkey (D:10)
  A gnoll (D:9)
  3 orcs
  5 kobolds
20 creatures vanquished.

Vanquished Creatures (others)
  6 ancestors
  2 hexers (Lair:1)
  2 spectral weapons
10 creatures vanquished.

Grand Total: 299 creatures vanquished

Notes
Turn   | Place    | Note
-------+----------+-------------------------------------------
     0 | D:1      | adelrune the Armataur Fighter began the quest for the Orb.
     0 | D:1      | Reached XP level 1. HP: 18/18 MP: 1/1
   172 | D:1      | Reached XP level 2. HP: 25/25 MP: 2/2
   289 | D:1      | Found a faded altar of an unknown god.
   640 | D:1      | Reached XP level 3. HP: 26/30 MP: 3/3
  1382 | D:2      | Reached XP level 4. HP: 37/38 MP: 4/4
  2085 | D:3      | Found a glowing drain.
  2150 | Sewer    | Entered a sewer
  2215 | Sewer    | Reached XP level 5. HP: 42/45 MP: 5/5
  2852 | D:3      | Reached XP level 6. HP: 44/52 MP: 6/6
  2926 | D:3      | Found a runed translucent gate.
  2927 | D:3      | Found a runed translucent gate.
  2928 | D:3      | Found a runed translucent gate.
  2928 | D:3      | Noticed pazhot's ghost (amateur MDFi)
  3092 | D:3      | Identified the +2 ring mail of Words of Power {rF+ rC+}
  3623 | D:3      | Reached skill level 5 in Armour
  4354 | D:5      | Entered Level 5 of the Dungeon
  4378 | D:5      | Gained mutation: You regenerate magic and health when
                  | rolling toward enemies. (Rampage Regen) [Armataur growth]
  4378 | D:5      | Reached XP level 7. HP: 52/59 MP: 7/7
  4522 | D:5      | You fall into a shaft and drop 1 floor!
  4684 | D:5      | Reached skill level 5 in Shields
  4878 | D:5      | Reached skill level 5 in Maces & Flails
  5864 | D:6      | Noticed Jeremiah
  6341 | D:6      | Reached XP level 8. HP: 54/67 MP: 8/8
  6788 | D:7      | Found a staircase to the Ecumenical Temple.
  6802 | Temple   | Entered the Ecumenical Temple
  6808 | Temple   | Reached skill level 5 in Fighting
  6814 | Temple   | Became a worshipper of Hepliaklqana the Forgotten
  6906 | D:7      | Identified the +9 flail of Okawaru {spect, ^Contam Will+
                  | MP+9 Int+3}
  7440 | D:7      | Reached XP level 9. HP: 50/73 MP: 9/9
  7650 | D:7      | Found a runed translucent gate.
  7651 | D:7      | Found a runed translucent gate.
  7652 | D:7      | Found a runed translucent gate.
  7654 | D:7      | Noticed AlmostDecent's ghost (novice DEHu)
  7948 | D:7      | Killed AlmostDecent's ghost
  8180 | D:8      | Reached XP level 10. HP: 45/84 MP: 10/10
  8363 | D:8      | Reached * piety under Hepliaklqana
  8396 | D:8      | Noticed Joseph
  8577 | D:8      | Killed Joseph
  8809 | D:8      | Found a sacrificial altar of Ru.
  8810 | D:8      | Found a burning altar of Makhleb.
  9313 | D:9      | Noticed Maurice
  9315 | D:9      | Noticed an elephant
  9316 | D:9      | Found a staircase to the Lair.
  9319 | D:9      | Killed Maurice
  9344 | D:9      | Killed an elephant
  9345 | D:9      | Reached skill level 10 in Maces & Flails
  9872 | D:10     | Entered Level 10 of the Dungeon
  9872 | D:10     | Found a transporter.
  9879 | D:10     | Found a bloodstained altar of Trog.
  9950 | D:10     | Found a transporter.
  9952 | D:10     | Noticed a tengu warrior
  9953 | D:10     | Noticed jamsaran's ghost (novice DgFE)
  9955 | D:10     | Noticed a moth of wrath
  9956 | D:10     | Noticed a two-headed ogre
  9956 | D:10     | Noticed a two-headed ogre
 10018 | D:10     | Found a flagged portal.
 10025 | D:10     | Reached XP level 11. HP: 82/82 MP: 11/11
 10027 | Bailey   | Entered a bailey
 10197 | Bailey   | Identified the +3 glaive "Afifaf" {venom, *Slow rCorr
                  | Int+7}
 10222 | Bailey   | Reached skill level 10 in Armour
 10438 | Bailey   | Found an iron altar of Okawaru.
 11045 | D:10     | Identified the +3 rapier "Viumepnu" {flame, ^Drain rElec
                  | rPois Stlth+}
 11078 | D:10     | Reached ** piety under Hepliaklqana
 11079 | D:10     | Remembered your ancestor Fusoax as a hexer
 11308 | D:10     | Found a white marble altar of Elyvilon.
 11440 | Lair:1   | Entered Level 1 of the Lair of Beasts
 11775 | Lair:1   | Reached skill level 10 in Shields
 12191 | Lair:1   | Reached *** piety under Hepliaklqana
 12387 | Lair:2   | Noticed a skyshark
 12399 | Lair:2   | HP: 4/85 [cane toad (12)]
 12399 | Lair:2   | Slain by a skyshark

Illustrated notes

Levels and vault maps discovered:
D:1:      ncdulo_smallfort, layout_loops_ring, serial_rivers,
          chequers_serial_rivers_large_b, chequers_serial_rivers_large_a,
          chequers_serial_rivers_small_b, chequers_serial_rivers_room_b,
          basic_ecumenical_altar, skrybe_limestone_x
D:2:      layout_loops_corners, dk_noncrumbling_4, minmay_puff
D:3:      layout_basic, gammafunk_ghost_split, portal_sewer_entry_f
D:4:      layout_rooms
D:5:      layout_basic, minivault_26, lemuel_flame_loot_1
D:6:      layout_gridville, uniq_jeremiah
D:7:      layout_loops_ring, minmay_temple_entry_wispy,
          gammafunk_ghost_necromancy, chequers_jeans, minivault_10
D:8:      layout_cave_pools, gammafunk_temple_overflow_pools, uniq_joseph
D:9:      layout_rooms, david_lair_generic, uniq_maurice
D:10:     layout_roguey, lemuel_round_altar, enter_bailey_3,
          gammafunk_ghost_wrathful_warriors, kb_lookout_dungeons_type
Temple:   compressed_dpeg_triangle_lava_temple
Lair:1:   layout_long_grid, grunt_megastairs_2
Lair:2:   layout_hall_layers, guppyfry_snake_entry_garden, roderic_batcave,
          uniq_nergalle, uniq_gastronok

Skill      XL: |  1  2  3  4  5  6  7  8  9 10 11 |
---------------+----------------------------------+-----
Maces & Flails | 2 3 4 5 7 8 10 11 | 11.6
Armour         | 4 5 6 7 8 9 11 | 11.1
Fighting       | 3 4 5 6 7 8 |  8.5
Shields        | 4 5 6 7 9 10 | 10.2

Action                     |  1- 3 |  4- 6 |  7- 9 | 10-12 || total
---------------------------+-------+-------+-------+-------++-------
  Melee: Flail             |   123 |   247 |   129 |   271 ||   770
         Tailslap          |     7 |    20 |    39 |    38 ||   104
         Morningstar       |       |       |   129 |       ||   129
  Throw: Boomerang         |       |    28 |    24 |       ||    52
 Invoke: Ancestor Life: He |       |       |       |     1 ||     1
    Use: Potion            |       |     1 |       |     3 ||     4
         Scroll            |       |       |     5 |    14 ||    19
   Stab: Distracted        |       |       |       |     1 ||     1
 Armour: Scale mail        |    94 |   129 |       |       ||   223
         Ring mail         |       |    65 |   224 |   219 ||   508
  Dodge: Dodged            |    52 |    91 |    90 |    64 ||   297
  Block: Buckler           |    27 |    60 |    72 |    11 ||   170
         Kite shield       |       |       |       |    80 ||    80

Table legend: (Time is in decaauts)
 A = Elapsed time spent in this place.
 B = Non-inter-level travel time spent in this place.
 C = Inter-level travel time spent in this place.
 D = Time resting spent in this place.
 E = Time spent auto-exploring this place.
 F = Levels seen in this place.
 G = Mean time per level.
                   A        B        C        D        E       F      G
               +--------+--------+--------+--------+--------+-----+--------+
         Total |  12553 |  12251 |    302 |   2740 |   6477 |  15 |  836.9 |
       Dungeon |  10163 |   9869 |    294 |   1958 |   5537 |  10 | 1016.3 |
        Temple |     22 |     22 |      0 |      0 |      0 |   1 |   22.0 |
          Lair |    953 |    946 |      7 |    237 |    518 |   2 |  476.5 |
         Sewer |    702 |    702 |      0 |     63 |    348 |   1 |  702.0 |
        Bailey |    711 |    711 |      0 |    482 |     74 |   1 |  711.0 |
               +--------+--------+--------+--------+--------+-----+--------+

Top non-repeatable levels by time:
     D:7: 1290 daAuts
     D:6: 1275 daAuts
     D:5: 1181 daAuts
     D:3: 1070 daAuts
     D:9: 1047 daAuts
     D:2: 1022 daAuts
     D:1: 899 daAuts
  Lair:1: 897 daAuts
    D:10: 849 daAuts
     D:4: 766 daAuts
     D:8: 759 daAuts
  Bailey: 711 daAuts
   Sewer: 702 daAuts
  Lair:2: 55 daAuts
  Temple: 22 daAuts
